 Dungeon Crawl Stone Soup version 0.31.0-9-g3a7656b989 (webtiles) character file.

Game seed: 13149649136838127266

145 monsoonserge the Shooter (level 5, 0/37 HPs)
             Began as a Formicid Hexslinger on Jan 24, 2024.
             Constricted to death by Ijyb (3 damage)
             ... on level 3 of the Dungeon.
             The game lasted 00:06:12 (1904 turns).

monsoonserge the Shooter (Formicid Hexslinger)      Turns: 1904, Time: 00:06:13

Health: 0/37       AC:  2    Str: 12    XL:     5   Next: 53%
Magic:  3/6        EV:  9    Int: 15    God:
Gold:   155        SH:  0    Dex: 16    Spells: 4/6 levels left

rFire   . . .        a - +1 sling
rCold   . . .        (no shield)
rNeg    . . .        c - +0 robe
rPois   .            (helmet unavailable)
rElec   .            j - scarf {repulsion}
rCorr   .            (no gloves)
SInv    +            (no boots)
Will    .....        (no amulet)
Stlth   ++           (no ring)
HPRegen 0.26/turn    (no ring)
MPRegen 0.10/turn

%: repel missiles
@: weak-willed, grasped by roots, constricted
A: permanent stasis, dig shafts and tunnels, antennae 3, four strong arms
a: Dig, Shaft Self


You were on level 3 of the Dungeon.
You visited 1 branch of the dungeon, and saw 3 of its levels.

You collected 155 gold pieces.

Inventory:

Hand Weapons
 a - a +1 sling (weapon)
Missiles
 d - 2 curare-tipped darts
 e - 4 poisoned darts
 g - 5 javelins
Armour
 c - a +0 robe (worn)
 j - a scarf of repulsion (worn)
Magical Staves
 h - a staff of cold
Scrolls
 b - 2 scrolls of poison
Potions
 f - a potion of brilliance {unknown}
 i - a potion of heal wounds {unknown}
 k - a potion of berserk rage {unknown}


   Skills:
 + Level 1.6 Fighting
 + Level 4.4 Ranged Weapons
 + Level 2.1 Dodging
 + Level 1.0 Stealth
 + Level 1.2 Spellcasting
 + Level 4.2 Hexes
 - Level 1.0 Fire Magic


You had 4 spell levels left.
You knew the following spells:

 Your Spells              Type           Power      Damage    Failure   Level
a - Jinxbite              Hex            26%        N/A       6%          2

Your spell library contained the following spells:

 Spells                   Type           Power      Damage    Failure   Level
 Sigil of Binding         Hex            13%        N/A       13%         3
 Apportation              Tloc           0%         N/A       24%         1
 Magic Dart               Conj           0%         1d3       24%         1
 Inner Flame              Hex/Fire       8%         N/A       24%         3
 Call Imp                 Summ           0%         N/A       36%         2
 Cause Fear               Hex            6%         N/A       38%         4
 Hailstorm                Conj/Ice       0%         3d5       58%         3
 Dimensional Bullseye     Hex/Tloc       3%         N/A       69%         4
 Alistair's Intoxication  Alch           0%         N/A       100%        5
 Borgnjor's Vile Clutch   Necr/Erth      0%         N/A       100%        5
 Bombard                  Conj/Erth      0%         9d1       100%        6
 Sculpt Simulacrum        Ice/Alch       0%         N/A       100%        6
 Blink                    Tloc           Unusable   N/A       N/A         2

Dungeon Overview and Level Annotations

Branches:
Dungeon (3/15)

Altars:
Nemelex Xobeh

Shops:
D:3 ?

Annotations:
D:3 1 runed translucent door, Crazy Yiuf, Ijyb


Innate Abilities, Weirdness & Mutations

You cannot be hasted, slowed, berserked, paralysed or teleported.
You can dig through walls and to a lower floor.
You have a pair of large antennae on your head. (SInv)
Your four strong arms can wield two-handed weapons with a shield.


Message History

You hear a shout!
Fire: a) +1 sling
Press: ? - help, Q - select action, (/) - cycle Shift-Dir - straight line, f/p - Ijyb
Aim: Ijyb, wielding a +6 club, wearing a +0 leather armour and carrying a wand of roots (severely wounded, heavily drained, chance to call a sprite on attack: 62%, 53% to hit)
You shoot a sling bullet. The sling bullet barely misses Ijyb.
A giggling sprite leaps out and bonks Ijyb with its +6 club.
Ijyb is almost dead.
Ijyb closely misses you. The grasping roots constrict you.
Fire: a) +1 sling
Press: ? - help, Q - select action, (/) - cycle Shift-Dir - straight line, f/p - Ijyb
Aim: Ijyb, wielding a +6 club, wearing a +0 leather armour and carrying a wand of roots (almost dead, heavily drained, chance to call a sprite on attack: 62%, 53% to hit)
You shoot a sling bullet.
The sling bullet completely misses Ijyb.
Ijyb hits you with a +6 club. The grasping roots constrict you.
Ijyb screams, "Die!"
Ijyb hits you with a +6 club!
* * * LOW HITPOINT WARNING * * *
The grasping roots constrict you.
* * * LOW HITPOINT WARNING * * *
The grasping roots release their grip on you.
Fire: a) +1 sling
Press: ? - help, Q - select action, (/) - cycle Shift-Dir - straight line, f/p - Ijyb
Aim: Ijyb, wielding a +6 club, wearing a +0 leather armour and carrying a wand of roots (almost dead, heavily drained, chance to call a sprite on attack: 62%, 53% to hit)
You shoot a sling bullet. The sling bullet barely misses Ijyb.
A giggling sprite leaps out and smacks Ijyb with her own hand.
Ijyb is almost dead.
The jinxing sprites lose interest in you.
Ijyb screams, "No!
No, no, no, no!"
Ijyb zaps a wand.
The roots erupt in riotous growth!
The grasping roots grab you!
Ijyb is unaffected.
The grasping roots constrict you.
* * * LOW HITPOINT WARNING * * *
Fire: a) +1 sling
Press: ? - help, Q - select action, (/) - cycle Shift-Dir - straight line, f/p - Ijyb
Aim: Ijyb, wielding a +6 club, wearing a +0 leather armour and carrying a wand of roots (almost dead, heavily drained, 53% to hit)
You shoot a sling bullet. The sling bullet misses Ijyb.
Ijyb hits you with a +6 club.
* * * LOW HITPOINT WARNING * * *
The grasping roots constrict you.
You die...

##.###...#######..#
#..' ### #......#
#..# #.## #...##.#
....{ #.## #...##.#
#.## #...##.# {{ #.#
######.# { #.# #.#
#.#
#.#############.#
#@#.............##
#..g..#{.<..........
#.....#.############
#.....# '.....#
.#.....# ........#
#........#


You could see Ijyb (very drained).

Vanquished Creatures
  Natasha (thrice) (D:3)
  2 adders (D:2)
  2 dart slugs
  8 endoplasms
  A giant cockroach (D:2)
  2 goblins
  4 hobgoblins
  A kobold (D:3)
  3 quokkas
  5 ball pythons
  9 bats
  4 frilled lizards
  5 rats
49 creatures vanquished.

Notes
Turn   | Place    | Note
-------+----------+-------------------------------------------
     0 | D:1      | monsoonserge the Formicid Hexslinger began the quest for
                  | the Orb.
     0 | D:1      | Reached XP level 1. HP: 15/15 MP: 2/2
   133 | D:1      | Reached XP level 2. HP: 21/21 MP: 3/3
   193 | D:1      | Found a faded altar of an unknown god.
   502 | D:2      | Reached XP level 3. HP: 26/26 MP: 4/4
   506 | D:2      | Learned a level 2 spell: Jinxbite
   915 | D:2      | Reached XP level 4. HP: 32/32 MP: 5/5
  1078 | D:2      | Reached skill level 1 in Stealth
  1208 | D:3      | Got the Exposition on the Frigorific Crater
  1213 | D:3      | Found a sparkling altar of Nemelex Xobeh.
  1336 | D:3      | Noticed Natasha
  1348 | D:3      | Killed Natasha
  1384 | D:3      | Noticed Natasha
  1391 | D:3      | Killed Natasha
  1392 | D:3      | Reached XP level 5. HP: 22/37 MP: 3/6
  1483 | D:3      | Found a runed translucent door.
  1484 | D:3      | Noticed Crazy Yiuf
  1637 | D:3      | Found The Oracle's Delphic Readings.
  1746 | D:3      | Noticed Natasha
  1752 | D:3      | Killed Natasha
  1888 | D:3      | Noticed Ijyb
  1904 | D:3      | Constricted to death by Ijyb

Illustrated notes

Levels and vault maps discovered:
D:1:      heliophobic_arrival_henge, layout_basic,
          shapermc_ecumenical_altar_mp_highgroup
D:2:      layout_loops_cross
D:3:      layout_basic, mainiacjoe_overflow_alcove_2, nrook_uturn,
          nicolae_nh_oracle_at_delphi, uniq_crazy_yiuf_cottage, uniq_ijyb,
          uniq_natasha

Skill      XL: |  1  2  3  4 |
---------------+-------------+-----
Dodging        | 2 |  2.1
Hexes          | 4 |  4.2
Ranged Weapons | 3 4 |  4.4
Stealth        | 1 |  1.0
Fighting       | |  1.6
Spellcasting   | |  1.2
Fire Magic     | |  1.0

Action                     |  1- 3 |  4- 6 || total
---------------------------+-------+-------++-------
   Fire: Sling             |    58 |    64 ||   122
   Cast: Jinxbite          |     1 |     5 ||     6
Ability: Dig               |     4 |       ||     4
 Armour: Robe              |     7 |    12 ||    19
  Dodge: Dodged            |    16 |    16 ||    32
         Repelled          |       |     1 ||     1
